 Dungeon Crawl Stone Soup version 0.30.0-5-g1a98f26d00 (webtiles) character file.

Game seed: 16023435748238267174

67 dolemite99 the Poker (level 4, -1/33 HPs)
             Began as a Merfolk Reaver on May 12, 2023.
             Slain by a hobgoblin (2 damage)
             ... on level 2 of the Dungeon.
             The game lasted 00:01:44 (1349 turns).

dolemite99 the Poker (Merfolk Reaver)               Turns: 1349, Time: 00:01:44

Health: -1/33      AC:  3    Str: 14    XL:     4   Next: 18%
Magic:  7/7        EV: 12    Int: 12    God:
Gold:   73         SH:  0    Dex: 12    Spells: 6/7 levels left

rFire   . . .        a - +0 spear
rCold   . . .        (no shield)
rNeg    . . .        b - +0 leather armour
rPois   +            (no helmet)
rElec   .            (no cloak)
rCorr   .            (no gloves)
SInv    .            (no boots)
Will    +....        (no amulet)
Stlth   +            e - ring of poison resistance
HPRegen 0.25/turn    f - ring of willpower
MPRegen 0.10/turn

%: no passive effects
@: no status effects
A: (nimble swimmer 2), mertail
a: no special abilities


You were on level 2 of the Dungeon.
You visited 1 branch of the dungeon, and saw 2 of its levels.

You collected 73 gold pieces.

Inventory:

Hand Weapons
 a - a +0 spear (weapon)
 g - a +1 dagger of venom
Missiles
 n - 3 poisoned darts
Armour
 b - a +0 leather armour (worn)
Jewellery
 e - a ring of poison resistance (left hand)
 f - a ring of willpower (right hand)
 l - a ring of flight
Scrolls
 c - a scroll of identify {unknown}
 d - a scroll of magic mapping {unknown}
 h - a scroll of silence {unknown}
 i - 2 scrolls of immolation {unknown}
 j - a scroll of teleportation {unknown}
 k - a scroll of fear {unknown}
 m - a scroll of enchant armour {unknown}


   Skills:
 - Level 2.1 Fighting
 + Level 6.5 Polearms
 - Level 2.6 Dodging
 - Level 2.0 Spellcasting
 - Level 2.4 Conjurations


You had 6 spell levels left.
You knew the following spells:

 Your Spells              Type           Power      Damage    Failure   Level
a - Kiss of Death         Conj/Necr      16%        2d6       22%         1

Your spell library contained the following spells:

 Spells                   Type           Power      Damage    Failure   Level
 Momentum Strike          Conj/Tloc      8%         3d8       32%         2
 Hailstorm                Conj/Ice       4%         3d4       54%         3


Dungeon Overview and Level Annotations

Branches:
Dungeon (2/15)

Altars:


Innate Abilities, Weirdness & Mutations

((You are very nimble when in or above water. (Stealth+, EV+, Speed+++)))
Your lower body shifts to a powerful aquatic tail in water.


Message History

a +0 dagger; a worm corpse You hit the endoplasm but do no damage.
The endoplasm is lightly wounded.
The endoplasm freezes you.
You are frozen.
* * * LOW HITPOINT WARNING * * *
The kobold hits you but does no damage.
You hit the endoplasm.
The endoplasm is almost dead.
The endoplasm closely misses you. The kobold closely misses you.
You barely miss the endoplasm.
The endoplasm is almost dead.
The endoplasm barely misses you. The kobold hits you with a +0 whip.
* * * LOW HITPOINT WARNING * * *
You aren't carrying any potions.
Unknown command.
The kobold attacks as you move away! The kobold misses you.
The endoplasm barely misses you. The endoplasm hits you.
* * * LOW HITPOINT WARNING * * *
Found 7 stones.
You hit the endoplasm.
You kill the endoplasm!
You start resting.
A hobgoblin is nearby!
You hit the hobgoblin.
The hobgoblin is lightly wounded.
The hobgoblin hits you but does no damage.
You hit the hobgoblin.
The hobgoblin is moderately wounded.
The hobgoblin hits you.
* * * LOW HITPOINT WARNING * * *
You hit the hobgoblin.
The hobgoblin is severely wounded.
The hobgoblin hits you.
* * * LOW HITPOINT WARNING * * *
You closely miss the hobgoblin.
The hobgoblin is severely wounded.
The hobgoblin hits you.
You die...

### .....#......#....
.....................
.....#......##....#.#
#...#......#.....#..
#...#............#..
#......)......)....#
####.....K†..........##
#......##g#†.#.#.....#
#.....@#..#.†..........
#......gK##...#.....##.
#..(...##........#### .
.......## ........#
##..... .........#
#...## ........... #...
#..........#. #...
...... ##


You could see a hobgoblin and a kobold.

Vanquished Creatures
  An adder (D:1)
  A worm (D:2)
  A dart slug (D:2)
  4 orcs (D:2)
  5 bats
  3 endoplasms
  A giant cockroach (D:1)
  4 hobgoblins
  13 kobolds
  A quokka (D:1)
  4 ball pythons (D:1)
  2 frilled lizards
  3 goblins (D:1)
  5 rats
48 creatures vanquished.

Notes
Turn   | Place    | Note
-------+----------+-------------------------------------------
     0 | D:1      | dolemite99 the Merfolk Reaver began the quest for the Orb.
     0 | D:1      | Reached XP level 1. HP: 16/16 MP: 3/3
   166 | D:1      | Reached XP level 2. HP: 17/22 MP: 5/5
   254 | D:1      | Reached skill level 5 in Polearms
   438 | D:1      | Reached XP level 3. HP: 24/27 MP: 6/6
  1093 | D:2      | Reached skill level 6 in Polearms
  1308 | D:2      | Reached XP level 4. HP: 29/33 MP: 7/7
  1348 | D:2      | HP: 1/33 [hobgoblin (3)]
  1349 | D:2      | Slain by a hobgoblin

Illustrated notes

Levels and vault maps discovered:
D:1:      kilobyte_arrival_exit_the_forest, layout_loops_ring
D:2:      layout_rooms, minmay_joined_circles

Skill      XL: |  1  2  3 |
---------------+----------+-----
Polearms       | 5 6 |  6.5
Fighting       | |  2.1
Dodging        | |  2.6
Spellcasting   | |  2.0
Conjurations   | |  2.4

Action                     |  1- 3 |  4- 6 || total
---------------------------+-------+-------++-------
  Melee: Spear             |   146 |    33 ||   179
         Punch             |     1 |       ||     1
    Use: Potion            |     1 |       ||     1
   Stab: Sleeping          |     2 |       ||     2
 Armour: Leather armour    |    27 |     7 ||    34
  Dodge: Dodged            |    73 |    20 ||    93
